Match 45952209
Unlisted

Match 45952209
End
Vickers Machine Gun Team
Construct Section Command Post
Dingo Light Scout Car
ML 3-inch Mortar Team
Infantry Section
Infantry Section
Construct Platoon Command Post
Humber Armored Car
Selects Air and Sea Battlegroup
Selects Air and Sea Battlegroup
Selects Supply Surplus
Construct Company Command Post
Matilda II Heavy Tank
Foot Guards Section
Construct Resource Cache
Infantry Training
Armored Vehicle Training
Construct Field Infirmary
Selects Commando Section Paradrop
Selects Commando Support Section Paradrop
Unlock Bishop Self-propelled Artillery
Selects Incendiary Bombing Run
Incendiary Bombing Run
Unlock M3 Grant Medium Tanks
Construct Resource Cache
M3 Grant Medium Tank
【POW】游骑
AHOIENMQ
JZuna
周末不日常
Jeremy
皮皮
JT
陈浩南
0
0

Comments sign in to comment!

No comments posted yet!